 Dungeon Crawl Stone Soup version 0.28-a0-750-g7c675f85b1 (webtiles) character file.

Game seed: 9918438669704954790

5 ytrimaz the Ducker (level 1, 0/16 HPs)
             Began as a Demonspawn Gladiator on Oct 29, 2021.
             Slain by a kobold (4 damage)
             ... on level 1 of the Dungeon.
             The game lasted 00:00:20 (185 turns).

ytrimaz the Ducker (Demonspawn Gladiator)            Turns: 185, Time: 00:00:21

Health: 0/16       AC:  4    Str: 14    XL:     1   Next: 66%
Magic:  1/1        EV: 12    Int:  9    God:
Gold:   18         SH:  0    Dex: 14    Spells: 0/0 levels left

rFire   . . .      SeeInvis .   a - +0 war axe
rCold   . . .      Faith    .   (no shield)
rNeg    . . .      Spirit   .   b - +0 leather armour
rPois   .          Reflect  .   c - +0 helmet
rElec   .          Harm     .   (no cloak)
rCorr   .          Rampage  .   (no gloves)
Will    .....                   (no boots)
Stlth   +.........              (no amulet)
HPRegen 0.05/turn               (no ring)
MPRegen 0.07/turn               (no ring)

@: no status effects
A: no striking features
a: no special abilities


You were on level 1 of the Dungeon.
You visited 1 branch of the dungeon, and saw 1 of its levels.

You collected 18 gold pieces.

Inventory:

Hand Weapons
 a - a +0 war axe (weapon)
Missiles
 d - 3 throwing nets (quivered)
Armour
 b - a +0 leather armour (worn)
 c - a +0 helmet (worn)


   Skills:
 + Level 2.0 Fighting
 + Level 2.8 Axes
 - Level 1.7 Throwing
 + Level 2.8 Dodging


You couldn't memorise any spells.
You didn't know any spells.
Your spell library was empty.

Dungeon Overview and Level Annotations

Branches:
Dungeon (1/15)

Altars:


Message History

The goblin hits you but does no damage.
You closely miss the goblin. The goblin hits you but does no damage.
The goblin hits you with a +0 dagger.
You slash the goblin!
You kill the goblin!
Things that are here:
a +0 dagger; a goblin corpse A kobold comes into view.
It is wielding a +0 short sword.
The kobold shouts!
A goblin comes into view. It is wielding a +0 dagger.
There are monsters nearby!
There are monsters nearby!
There are monsters nearby!
The goblin shouts!
The kobold hits you with a +0 short sword.
The kobold hits you but does no damage. The goblin misses you.
The kobold hits you with a +0 short sword.
You barely miss the goblin. You barely miss the kobold.
The goblin hits you with a +0 dagger. The kobold hits you but does no damage.
The goblin hits you with a +0 dagger.
You hit the goblin.
The goblin is severely wounded.
You barely miss the kobold. The kobold barely misses you.
The goblin misses you. The kobold hits you but does no damage.
Unknown command.
You closely miss the kobold. You barely miss the goblin.
The goblin hits you but does no damage.
The kobold hits you with a +0 short sword.
You barely miss the kobold. You miss the goblin. The goblin barely misses you.
The kobold barely misses you. The goblin hits you with a +0 dagger.
The kobold hits you with a +0 short sword.
You hit the kobold but do no damage. You hit the goblin.
You kill the goblin!
The kobold hits you with a +0 short sword.
* * * LOW HITPOINT WARNING * * *
You closely miss the kobold. The kobold closely misses you.
You barely miss the kobold.
The kobold hits you with a +0 short sword.
You die...

#......
########......
..............
.#######......
# #..........
##.
#.###...(.. #
#.######.#
#......
#.#)##.....#
#......
#.#@##.#####
#.....P
#.K.##.#
#.....P
###.##.#
###..P♣ #.##.#
#P♣.♣ #.##.#
##.P♣ #.##.#
##.♣ #.##.#
### #.##.# #
#.##.#


You could see a kobold.

Vanquished Creatures
  3 goblins (D:1)
  A quokka (D:1)
4 creatures vanquished.

Notes
Turn   | Place    | Note
-------+----------+-------------------------------------------
     0 | D:1      | ytrimaz the Demonspawn Gladiator began the quest for the
                  | Orb.
     0 | D:1      | Reached XP level 1. HP: 16/16 MP: 1/1
     4 | D:1      | Noticed a five-headed hydra
    43 | D:1      | Noticed an elephant
   185 | D:1      | Slain by a kobold

Illustrated notes

Levels and vault maps discovered:
D:1:      sevenhm_arrival_forest_fort_small_2, layout_basic, serial_forest,
          infiniplex_forest_end_2, infiniplex_forest_pool,
          infiniplex_forest_end_3, infiniplex_forest_clump_large,
          infiniplex_forest_clump_small, infiniplex_forest_corner_1,
          infiniplex_forest_clump_long, hellmonk_ecumenical_altar_zigzags,
          serial_park_tiny_2, minmay_tromino_v4_b

Action                   || total
-------------------------++-------
Melee: War axe           ||    14
Armor: Leather armour    ||     6
Dodge: Dodged            ||    13

Table legend: (Time is in decaauts)
 A = Elapsed time spent in this place.
 B = Non-inter-level travel time spent in this place.
 C = Inter-level travel time spent in this place.
 D = Time resting spent in this place.
 E = Time spent auto-exploring this place.
 F = Levels seen in this place.
 G = Mean time per level.
                   A        B        C        D        E       F      G
               +--------+--------+--------+--------+--------+-----+--------+
         Total |    189 |    189 |      0 |      0 |    131 |   1 |  189.0 |
       Dungeon |    189 |    189 |      0 |      0 |    131 |   1 |  189.0 |
               +--------+--------+--------+--------+--------+-----+--------+

Top non-repeatable levels by time:
     D:1: 189 daAuts
